| TOP OF THE 1ST |
|
Reno Aces batting - Pitching for Indianapolis Indians : RHP Walt Quinn
|
|
Pitching: RHP Walt Quinn
|
|
|
Batting: LHB Willie Gutierrez
|
0-0: Called Strike 0-1: Ball 1-1: Ball 2-1: Ground out 6-3 (Groundball, 6, EV 85.0 MPH)
|
|
Batting: RHB Jesus Galvan
|
0-0: Ball 1-0: Ball 2-0: Called Strike 2-1: Ground out 1-3 (Groundball, 15S, EV 68.1 MPH)
|
|
Batting: LHB Bobby Arevalo
|
0-0: Called Strike 0-1: Ball 1-1: Ball 2-1: Called Strike 2-2: Foul Ball, location: 2F 2-2: Strikes out swinging
|
| Top of the 1st over - 0 runs, 0 hits, 0 errors, 0 left on base; Reno 0 - Indianapolis 0 |
| BOTTOM OF THE 1ST |
|
Indianapolis Indians batting - Pitching for Reno Aces : RHP Jeff Whaley
|
|
Pitching: RHP Jeff Whaley
|
|
|
Batting: RHB Hugo Zacarias
|
0-0: DOUBLE (Flyball, 8RXD, EV 105.0 MPH)
|
|
Batting: LHB Jorge Quintana
|
0-0: Called Strike 0-1: Ground out 5-3 (Groundball, 56, EV 85.0 MPH)
|
|
Batting: RHB Alain Marquet
|
0-0: Ball 1-0: Foul Ball, location: 2F 1-1: SINGLE (Groundball, 34D, EV 102.5 MPH) Hugo Zacarias to third
|
|
Batting: LHB Phil DeCamp
|
0-0: Ground out 6-3 (Groundball, 6M, EV 82.5 MPH) Hugo Zacarias scores Alain Marquet to second
|
|
Batting: RHB Richard Barrios
|
0-0: Foul Ball, location: 2F 0-1: Ball 1-1: Ball 2-1: Ground out 6-3 (Groundball, 6, EV 91.2 MPH)
|
| Bottom of the 1st over - 1 run, 2 hits, 0 errors, 1 left on base; Reno 0 - Indianapolis 1 |
| TOP OF THE 2ND |
|
Reno Aces batting - Pitching for Indianapolis Indians : RHP Walt Quinn
|
|
Batting: LHB Soo-yeon Kym
|
0-0: Ground out 6-3 (Groundball, 56, EV 102.5 MPH)
|
|
Batting: RHB Enrique Juarez
|
0-0: Called Strike 0-1: Ball 1-1: Ball 2-1: Foul Ball, location: 2F 2-2: Strikes out swinging
|
|
Batting: LHB Brad Ritter
|
0-0: Ball 1-0: Ball 2-0: Swinging Strike 2-1: Called Strike 2-2: Strikes out swinging
|
| Top of the 2nd over - 0 runs, 0 hits, 0 errors, 0 left on base; Reno 0 - Indianapolis 1 |
| BOTTOM OF THE 2ND |
|
Indianapolis Indians batting - Pitching for Reno Aces : RHP Jeff Whaley
|
|
Batting: LHB Gregg Kellerman
|
0-0: Ball 1-0: Foul Ball, location: 2F 1-1: Foul Ball, location: 2F 1-2: Foul Ball, location: 2F 1-2: Strikes out looking
|
|
Batting: RHB Hector Barajas
|
0-0: SINGLE (Groundball, 34D, EV 101.2 MPH)
|
|
Batting: RHB Robby Poyfair
|
0-0: Ball 1-0: Foul Ball, location: 2F 1-1: Foul Ball, location: 2F 1-2: Grounds into double play, 4-6-3 (Groundball, 13, EV 91.9 MPH)
|
| Bottom of the 2nd over - 0 runs, 1 hit, 0 errors, 0 left on base; Reno 0 - Indianapolis 1 |
| TOP OF THE 3RD |
|
Reno Aces batting - Pitching for Indianapolis Indians : RHP Walt Quinn
|
|
Batting: RHB Dustin Clark
|
0-0: Ball 1-0: Foul Ball, location: 2F 1-1: Ball 2-1: DOUBLE (Line Drive, 89M, EV 103.8 MPH)
|
|
Batting: RHB Yutaka Oki
|
0-0: Ball 1-0: Called Strike 1-1: Foul Ball, location: 2F 1-2: Ground out 5-3 (Groundball, 56S, EV 89.4 MPH)
|
|
Batting: RHB Jose Sisneros
|
0-0: Ball 1-0: Fly out, F9 (Flyball, 89M, EV 89.4 MPH)
|
|
Batting: LHB Willie Gutierrez
|
0-0: Swinging Strike 0-1: Called Strike 0-2: Ball 1-2: Ball 2-2: Foul Ball, location: 2F 2-2: Ball 3-2: Base on Balls
|
|
Batting: RHB Jesus Galvan
|
0-0: Called Strike 0-1: Foul Ball, location: 2F 0-2: Ground out 4-3 (Groundball, 4, EV 87.5 MPH)
|
| Top of the 3rd over - 0 runs, 1 hit, 0 errors, 2 left on base; Reno 0 - Indianapolis 1 |
| BOTTOM OF THE 3RD |
|
Indianapolis Indians batting - Pitching for Reno Aces : RHP Jeff Whaley
|
|
Batting: RHB Nick Wicker
|
0-0: Ball 1-0: Called Strike 1-1: Foul Ball, location: 2F 1-2: Strikes out swinging
|
|
Batting: RHB Hugo Zacarias
|
0-0: Ball 1-0: Called Strike 1-1: Ball 2-1: Ball 3-1: SINGLE (Groundball, 4D, EV 98.8 MPH)
|
|
Batting: LHB Jorge Quintana
|
0-0: Ball Hugo Zacarias is caught stealing 2nd base 2-6 1-0: Called Strike 1-1: Ball 2-1: Fly out, F7 (Flyball, 7, EV 98.1 MPH)
|
| Bottom of the 3rd over - 0 runs, 1 hit, 0 errors, 0 left on base; Reno 0 - Indianapolis 1 |
| TOP OF THE 4TH |
|
Reno Aces batting - Pitching for Indianapolis Indians : RHP Walt Quinn
|
|
Batting: LHB Bobby Arevalo
|
0-0: Fly out, F8 (Flyball, 8LD, EV 95.6 MPH)
|
|
Batting: LHB Soo-yeon Kym
|
0-0: Ball 1-0: Swinging Strike 1-1: Ball 2-1: Ball 3-1: Swinging Strike 3-2: Base on Balls
|
|
Batting: RHB Enrique Juarez
|
0-0: Ground out 5-3 (Groundball, 5S, EV 62.5 MPH) Soo-yeon Kym to second
|
|
Batting: LHB Brad Ritter
|
0-0: Called Strike 0-1: Ball 1-1: Foul Ball, location: 2F 1-2: Foul Ball, location: 2F 1-2: SINGLE (Line Drive, 56D, EV 100.6 MPH) Soo-yeon Kym to third
|
|
Batting: RHB Dustin Clark
|
0-0: Called Strike 0-1: Ball 1-1: Foul Ball, location: 2F 1-2: Fielders Choice at 2nd, 5-4 (Groundball, 56, EV 81.2 MPH)
|
| Top of the 4th over - 0 runs, 1 hit, 0 errors, 2 left on base; Reno 0 - Indianapolis 1 |
| BOTTOM OF THE 4TH |
|
Indianapolis Indians batting - Pitching for Reno Aces : RHP Jeff Whaley
|
|
Batting: RHB Alain Marquet
|
0-0: Foul Ball, location: 2F 0-1: Foul Ball, location: 2F 0-2: Strikes out swinging
|
|
Batting: LHB Phil DeCamp
|
0-0: Called Strike 0-1: Ground out 4-3 (Groundball, 4D, EV 85.6 MPH)
|
|
Batting: RHB Richard Barrios
|
0-0: Called Strike 0-1: Called Strike 0-2: Ball 1-2: Strikes out swinging
|
| Bottom of the 4th over - 0 runs, 0 hits, 0 errors, 0 left on base; Reno 0 - Indianapolis 1 |
| TOP OF THE 5TH |
|
Reno Aces batting - Pitching for Indianapolis Indians : RHP Walt Quinn
|
|
Batting: RHB Yutaka Oki
|
0-0: Called Strike 0-1: SINGLE (Groundball, 34D, EV 96.2 MPH)
|
|
Batting: RHB Jose Sisneros
|
0-0: Called Strike 0-1: Swinging Strike 0-2: Ball 1-2: Strikes out looking Yutaka Oki steals 2nd base Batter strikes out.
|
|
Batting: LHB Willie Gutierrez
|
0-0: Fly out, F8 (Flyball, 8RD, EV 88.1 MPH)
|
|
Batting: RHB Jesus Galvan
|
0-0: Called Strike 0-1: Ball 1-1: Ball 2-1: Ball 3-1: SINGLE (Line Drive, 9S, EV 96.9 MPH) Yutaka Oki to third Runner from 3rd tries for Home, throw by RF and OUT! 9-2
|
| Top of the 5th over - 0 runs, 2 hits, 0 errors, 1 left on base; Reno 0 - Indianapolis 1 |
| BOTTOM OF THE 5TH |
|
Indianapolis Indians batting - Pitching for Reno Aces : RHP Jeff Whaley
|
|
Batting: LHB Gregg Kellerman
|
0-0: Ball 1-0: Ball 2-0: Fly out, F9 (Line Drive, 9D, EV 104.4 MPH)
|
|
Batting: RHB Hector Barajas
|
0-0: Foul Ball, location: 2F 0-1: Ball 1-1: Foul Ball, location: 2F 1-2: Strikes out swinging
|
|
Batting: RHB Robby Poyfair
|
0-0: Called Strike 0-1: Ball 1-1: Foul Ball, location: 2F 1-2: Ball 2-2: Ball 3-2: Strikes out swinging
|
| Bottom of the 5th over - 0 runs, 0 hits, 0 errors, 0 left on base; Reno 0 - Indianapolis 1 |
| TOP OF THE 6TH |
|
Reno Aces batting - Pitching for Indianapolis Indians : RHP Walt Quinn
|
|
Batting: LHB Bobby Arevalo
|
0-0: Ball 1-0: Called Strike 1-1: Ball 2-1: Fly out, F8 (Flyball, 8LM, EV 94.4 MPH)
|
|
Batting: LHB Soo-yeon Kym
|
0-0: Foul Ball, location: 2F 0-1: Swinging Strike 0-2: SINGLE (Line Drive, 8RS, EV 92.5 MPH)
|
|
Batting: RHB Enrique Juarez
|
0-0: Called Strike 0-1: Called Strike 0-2: Ball 1-2: Fly out, F8 (Flyball, 8RD, EV 100.0 MPH)
|
|
Batting: LHB Brad Ritter
|
0-0: Foul Ball, location: 2F 0-1: Foul Ball, location: 2F 0-2: Ball 1-2: Ground out 6-3 (Groundball, 6S, EV 85.6 MPH)
|
| Top of the 6th over - 0 runs, 1 hit, 0 errors, 1 left on base; Reno 0 - Indianapolis 1 |
| BOTTOM OF THE 6TH |
|
Indianapolis Indians batting - Pitching for Reno Aces : RHP Jeff Whaley
|
|
Batting: RHB Nick Wicker
|
0-0: Ball 1-0: Ground out 5-3 (Groundball, 56S, EV 83.8 MPH)
|
|
Batting: RHB Hugo Zacarias
|
0-0: Swinging Strike 0-1: Ground out 5-3 (Groundball, 5, EV 86.9 MPH)
|
|
Batting: LHB Jorge Quintana
|
0-0: Ball 1-0: Swinging Strike 1-1: Swinging Strike 1-2: Foul Ball, location: 2F 1-2: Strikes out looking
|
| Bottom of the 6th over - 0 runs, 0 hits, 0 errors, 0 left on base; Reno 0 - Indianapolis 1 |
| TOP OF THE 7TH |
|
Reno Aces batting - Pitching for Indianapolis Indians : RHP Walt Quinn
|
|
Batting: RHB Dustin Clark
|
0-0: Ball 1-0: Called Strike 1-1: Called Strike 1-2: Foul Ball, location: 2F 1-2: Ball 2-2: Ball 3-2: Foul Ball, location: 2F 3-2: SINGLE (Line Drive, 56, EV 95.6 MPH)
|
|
Pinch Hitting: LHB Tommy King
|
0-0: Called Strike 0-1: Ball 1-1: Ball 2-1: Called Strike 2-2: Foul Ball, location: 2F 2-2: SINGLE (Groundball, 4MD, EV 99.4 MPH) Dustin Clark to second
|
|
Batting: RHB Jose Sisneros
|
0-0: Called Strike 0-1: Ball Passed Ball! Dustin Clark to third Tommy King to second 1-1: Ball 2-1: Foul Ball, location: 2F 2-2: Fly out, F8 (Flyball, 78D, EV 98.1 MPH) Runner from 3rd tags up, SCORES, throw by CF Tommy King to third
|
|
Batting: LHB Willie Gutierrez
|
0-0: Swinging Strike 0-1: Ball 1-1: Called Strike 1-2: Foul Ball, location: 2F 1-2: SINGLE (Line Drive, 78S, EV 101.9 MPH) Tommy King scores
|
|
Pitching: RHP Doug Rawson
|
|
|
Batting: RHB Jesus Galvan
|
0-0: Ball 1-0: Called Strike 1-1: Foul Ball, location: 2F 1-2: Ball 2-2: Ball 3-2: Fly out, F8 (Flyball, 8RXD, EV 100.0 MPH)
|
|
Batting: LHB Bobby Arevalo
|
0-0: Called Strike 0-1: Called Strike 0-2: Ball Willie Gutierrez steals 2nd, throwing error, E2 Willie Gutierrez to third 1-2: Ball 2-2: Strikes out looking
|
| Top of the 7th over - 2 runs, 3 hits, 1 error, 1 left on base; Reno 2 - Indianapolis 1 |
| BOTTOM OF THE 7TH |
|
Indianapolis Indians batting - Pitching for Reno Aces : RHP Jeff Whaley
|
|
Now in CF: Edgar Garcia
|
|
|
Batting: RHB Alain Marquet
|
0-0: Called Strike 0-1: Called Strike 0-2: Foul Ball, location: 2F 0-2: Foul Ball, location: 2F 0-2: Foul Ball, location: 2F 0-2: Ball 1-2: Fly out, F7 (Flyball, 7LM, EV 87.5 MPH)
|
|
Batting: LHB Phil DeCamp
|
0-0: Called Strike 0-1: Ball 1-1: Swinging Strike 1-2: Ball 2-2: Ball 3-2: SINGLE (Groundball, 4D, EV 103.1 MPH)
|
|
Batting: RHB Richard Barrios
|
0-0: SINGLE (Line Drive, 56D, EV 100.6 MPH) Phil DeCamp to second
|
|
Batting: LHB Gregg Kellerman
|
0-0: Swinging Strike 0-1: Ball 1-1: Swinging Strike 1-2: Strikes out swinging
|
|
Batting: RHB Hector Barajas
|
0-0: Foul Ball, location: 2F 0-1: Called Strike 0-2: Fly out, F5 (Popup, 56S, EV 86.9 MPH)
|
| Bottom of the 7th over - 0 runs, 2 hits, 0 errors, 2 left on base; Reno 2 - Indianapolis 1 |
| TOP OF THE 8TH |
|
Reno Aces batting - Pitching for Indianapolis Indians : RHP Doug Rawson
|
|
Batting: LHB Soo-yeon Kym
|
0-0: Ball 1-0: Ball 2-0: Ball 3-0: Base on Balls
|
|
Batting: RHB Enrique Juarez
|
0-0: Called Strike Soo-yeon Kym steals 2nd base 0-1: Ball 1-1: Ball 2-1: Ball 3-1: Called Strike 3-2: Fly out, F8 (Flyball, 8RS, EV 96.2 MPH)
|
|
Batting: LHB Brad Ritter
|
0-0: Ball 1-0: Called Strike 1-1: Foul Ball, location: 2F 1-2: Strikes out swinging, 2-3 out at first.
|
|
Batting: RHB Dustin Clark
|
0-0: Ball 1-0: Called Strike 1-1: Ball 2-1: Ball 3-1: Foul Ball, location: 2F 3-2: Base on Balls
|
|
Pinch Hitting: LHB Ian Jarvis
|
0-0: Called Strike 0-1: Foul Ball, location: 2F 0-2: Ball 1-2: Foul Ball, location: 2F 1-2: Foul Ball, location: 2F 1-2: Ball 2-2: Ball 3-2: Base on Balls Soo-yeon Kym to third Dustin Clark to second
|
|
Batting: RHB Jose Sisneros
|
0-0: Foul Ball, location: 2F 0-1: Fly out, F8 (Line Drive, 8LM, EV 92.5 MPH)
|
| Top of the 8th over - 0 runs, 0 hits, 0 errors, 3 left on base; Reno 2 - Indianapolis 1 |
| BOTTOM OF THE 8TH |
|
Indianapolis Indians batting - Pitching for Reno Aces : RHP Jeff Whaley
|
|
Now in CF: Jeff Densmore
|
|
|
Pinch Hitting: LHB Alberto Figueroa
|
0-0: Ground out 4-3 (Groundball, 4, EV 86.2 MPH)
|
|
Batting: RHB Nick Wicker
|
0-0: Swinging Strike 0-1: Ball 1-1: Foul Ball, location: 2F 1-2: Strikes out swinging
|
|
Batting: RHB Hugo Zacarias
|
0-0: Foul Ball, location: 2F 0-1: SINGLE (Line Drive, 7S, EV 108.1 MPH)
|
|
Batting: LHB Jorge Quintana
|
0-0: SINGLE (Line Drive, 78S, EV 91.2 MPH) Hugo Zacarias to second
|
|
Batting: RHB Alain Marquet
|
0-0: Called Strike 0-1: Ball 1-1: Ball 2-1: Ball 3-1: Foul Ball, location: 2F 3-2: Strikes out swinging
|
| Bottom of the 8th over - 0 runs, 2 hits, 0 errors, 2 left on base; Reno 2 - Indianapolis 1 |
| TOP OF THE 9TH |
|
Reno Aces batting - Pitching for Indianapolis Indians : RHP Doug Rawson
|
|
Pitching: RHP Hugo Rodriguez
|
|
|
Now in LF: Alberto Figueroa
|
|
|
Batting: LHB Willie Gutierrez
|
0-0: SINGLE (Groundball, 34D, EV 95.6 MPH)
|
|
Batting: RHB Jesus Galvan
|
0-0: Ball 1-0: Bunted foul 1-1: Bunt - Flyout to 15 - DP at third! 1-3
|
|
Batting: LHB Bobby Arevalo
|
0-0: Ball 1-0: Ball 2-0: Called Strike 2-1: Ball 3-1: Base on Balls
|
|
Batting: LHB Soo-yeon Kym
|
0-0: Ball 1-0: Fly out, F7 (Flyball, 78D, EV 95.0 MPH)
|
| Top of the 9th over - 0 runs, 1 hit, 0 errors, 1 left on base; Reno 2 - Indianapolis 1 |
| BOTTOM OF THE 9TH |
|
Indianapolis Indians batting - Pitching for Reno Aces : RHP Jeff Whaley
|
|
Pitching: LHP Afanasy Apatenko
|
|
|
Now at 1B: Cesar Chavez
|
|
|
Now at 2B: Jonathan Lugo
|
|
|
Now at 3B: Franklin Villanueva
|
|
|
Now in LF: Dustin Clark
|
|
|
Now in RF: Enrique Juarez
|
|
|
Batting: LHB Phil DeCamp
|
0-0: Foul Ball, location: 2F 0-1: Ball 1-1: Swinging Strike 1-2: Ball 2-2: Foul Ball, location: 2F 2-2: Ball 3-2: Foul Ball, location: 2F 3-2: Strikes out swinging
|
|
Batting: RHB Richard Barrios
|
0-0: Ball 1-0: Ball 2-0: SINGLE (Groundball, 6MD, EV 108.1 MPH)
|
|
Pinch Hitting: RHB Chris Pozzi
|
0-0: Ground out 5-3 (Groundball, 56, EV 95.6 MPH) Richard Barrios to second
|
|
Batting: RHB Hector Barajas
|
0-0: Swinging Strike 0-1: Swinging Strike 0-2: Ball 1-2: Foul Ball, location: 2F 1-2: Ball 2-2: Strikes out swinging
|
| Bottom of the 9th over - 0 runs, 1 hit, 0 errors, 1 left on base; Reno 2 - Indianapolis 1 |
|